Cogmind - Beta 13 @@@ ROGUE MODE // 2024.05.10 @ 18:41:08 Player: Compound1080 Result: Destroyed by Y-45 Defender with Heavy Assault Rifle Performance ------------- Evolutions (1) 500 Regions Visited (2) 400 Robots Destroyed (23) 115 Value Destroyed (511) 511 Prototype IDs (0) 0 Alien Tech Used (0) 0 Bonus (200) 200 TOTAL SCORE: 1726 Bonus ------- Pacifist 200 Cogmind --------- Core Integrity 0/400 Matter 268/300 Energy 22/100 System Corruption 4% Temperature Cool (26) Movement Core (450) Ox8 Location -9/Materials Parts ------- > --- POWER (1) -------- (None) > --- PROPULSION (2) --- (None) > --- UTILITY (4) ------ Large Storage Unit Terrain Scanner > --- WEAPON (2) ------- EM Shotgun Light Assault Rifle > --- INVENTORY (15) --- Aluminum Leg VTOL Module VTOL Module VTOL Module Faulty Improved Flight Unit Hacking Suite Maul Peak State ------------ > --- POWER ------------ Light Ion Engine > --- PROPULSION ------- Improved Treads Improved Treads > --- UTILITY ---------- Large Storage Unit Structural Scanner Terrain Scanner Light Armor Plating > --- WEAPON ----------- EM Pulse Gun Assault Rifle > --- INVENTORY -------- Aluminum Leg VTOL Module VTOL Module VTOL Module Improved Flight Unit Hacking Suite Light Assault Rifle Maul [Rating: 12] Favorites ----------- Power Ion Engine Engine Ion Engine Propulsion Improved Treads Treads Improved Treads Leg Aluminum Leg Utility Large Storage Unit Device Terrain Scanner Storage Large Storage Unit Protection Light Armor Plating Weapon Assault Rifle Energy Gun EM Pulse Gun Ballistic Gun Assault Rifle Impact Weapon Maul Build | -11 -10 -9 ------- Run | Yrd Mat Mat Slots Evolved 2 | . . 2 Power . | . . . Propulsion . | . . . Utility 2 | . . 2 Weapon . | . . . Parts Attached 26 | 6 2 18 Power 4 | 1 . 3 Engine 4 | 1 . 3 Core . | . . . Reactor . | . . . Propulsion 8 | 2 2 4 Treads 4 | 2 2 . Leg 4 | . . 4 Wheel . | . . . Hover . | . . . Flight . | . . . Utility 5 | 1 . 4 Device 2 | . . 2 Storage 2 | 1 . 1 Processor . | . . . Hackware . | . . . Protection 1 | . . 1 Artifact . | . . . Weapon 9 | 2 . 7 Energy Gun 4 | 1 . 3 Energy Cannon . | . . . Ballistic Gun 4 | 1 . 3 Ballistic Cannon . | . . . Launcher . | . . . Special Weapon . | . . . Impact Weapon 1 | . . 1 Slashing Weapon . | . . . Piercing Weapon . | . . . Special Melee Weapon . | . . . Unidentified Prototypes . | . . . Parts Lost 12 | . . 12 Power 3 | . . 3 Propulsion 3 | . . 3 Utility 2 | . . 2 Weapon 4 | . . 4 Highest Loss Streak 6 | . . 6 To Critical Strikes . | . . . Average Slot Usage (%) 75 | . 83 74 Engine 10 | . 14 10 Treads 17 | . 26 16 Leg 3 | . . 3 Device 10 | . . 11 Storage 11 | . 14 11 Protection 2 | . . 2 Energy Gun 6 | . 14 6 Ballistic Gun 13 | . 14 13 Naked Turns . | . . . Heaviest Build 33 | 14 14 33 Greatest Support 46 | 40 46 46 Greatest Overweight (x) 10 | 4 4 10 Average Overweight (x) . | . . . Largest Inventory Capacity 15 | 8 8 15 Average Capacity 11 | 7 8 12 Most Carried 11 | 3 7 11 Average Carried 7 | 1 6 8 Final Capacity 15 | 8 8 15 Final Carried 7 | 3 7 7 Class Distribution -------------------- 70% | Mutant 29% | Scavenger-Mutant Dominant Class ---------------- Mutant | -10/Materials Mutant | -9/Materials Resources | -11 -10 -9 ----------- Run | Yrd Mat Mat Matter Collected 565 | 233 . 332 Remotely . | . . . Salvage Created 700 | . . 700 Parts 51 | . . 51 Haulers Intercepted 1 | . . 1 Recyclers Shooed 2 | . . 2 Parts Field Recycled . | . . . Retrieved Matter . | . . . Parts Self-Destructed . | . . . Prevented . | . . . Kills | -11 -10 -9 ------- Run | Yrd Mat Mat Combat Hostiles Destroyed 17 | . . 17 Guns 16 | . . 16 AOE 1 | . . 1 Classes Destroyed 8 | . . 8 Worker 2 | . . 2 Builder 2 | . . 2 Hauler 1 | . . 1 Operator 1 | . . 1 Swarmer 5 | . . 5 Grunt 10 | . . 10 Brawler 1 | . . 1 Sentry 1 | . . 1 Best Kill Streak 4 | . . 4 Combat Bots Only 3 | . . 3 Max Kills in Single Turn 1 | . . 1 Gunslinging . | . . . Exploded 1 | . . 1 Melee . | . . . Uniques/NPCs Destroyed . | . . . Combat | -11 -10 -9 -------- Run | Yrd Mat Mat Hostile Shots Fired 181 | . . 181 Missed 45 | . . 45 Damage Taken 1846 | . . 1846 Core 407 | . . 407 Absorbed by Shields . | . . . Core Remaining (%) 100 | 100 100 . Volleys Fired 66 | . . 66 Largest 2 | . . 2 Hottest 65 | . . 65 Shots Fired 113 | . . 113 Gun 113 | . . 113 Cannon . | . . . Launcher . | . . . Special . | . . . Kinetic 90 | . . 90 Thermal . | . . . Explosive . | . . . Electromagnetic 23 | . . 23 Robot Hit Streak 11 | . . 11 Robot Miss Streak 4 | . . 4 Penetration Max . | . . . Secondary Targets . | . . . Shots Hit Robots 81 | . . 81 Core Hits 36 | . . 36 Critical Kills 1 | . . 1 Critical Parts Destroyed 1 | . . 1 Critical Strikes 3 | . . 3 Destroy 2 | . . 2 Corrupt 1 | . . 1 Melee Attacks 4 | . . 4 Impact 4 | . . 4 Slashing . | . . . Piercing . | . . . Sneak Attacks . | . . . Combat Hostiles . | . . . Follow-up Attacks . | . . . Damage Inflicted 982 | . . 982 Guns 861 | . . 861 Cannons . | . . . Explosions 63 | . . 63 Melee 58 | . . 58 Ramming . | . . . Kinetic 633 | . . 633 Thermal 63 | . . 63 Explosive . | . . . Electromagnetic 228 | . . 228 Impact 58 | . . 58 Slashing . | . . . Piercing . | . . . Highest Corruption 4 | . . 4 Average Corruption 4 | . . 4 Corruption Purged . | . . . Corruption Blocked . | . . . Effects 11 | . . 11 Message Errors 3 | . . 3 Matter Fused 1 | . . 1 Heat Flow Errors 1 | . . 1 Energy Discharges 3 | . . 3 Parts Rejected 1 | . . 1 Data Loss (minor) 1 | . . 1 Data Loss (major) 1 | . . 1 Overload Shots . | . . . Overflow Damage . | . . . Projectiles . | . . . Explosions . | . . . Melee . | . . . Knockbacks . | . . . Impact . | . . . Kinetic . | . . . Secondary . | . . . Self-Inflicted Damage 14 | . . 14 Shots 1 | . . 1 Rammed . | . . . Targets Rammed . | . . . Kicked . | . . . Crushed . | . . . Highest Temperature 177 | . . 177 Average Temperature 39 | . . 39 Received Heat Transfer 504 | . . 504 Siege Activations . | . . . Robots Corrupted . | . . . Combat Hostiles . | . . . Parts Fried . | . . . Impact Corruptions . | . . . Robots Melted . | . . . Combat Hostiles . | . . . Parts Melted . | . . . Heat Transferred 50 | . . 50 Parts Sabotaged . | . . . Parts Stolen . | . . . Parts Stripped . | . . . Power Chain Reactions 2 | . . 2 Alert | -11 -10 -9 ------- Run | Yrd Mat Mat Peak Influence 313 | . . 313 Initial . | . . . Average 126 | . . 149 Maximum Alert Level 1 | . . 1 Low Security (%) 68 | 100 100 63 Level 1 31 | . . 36 Level 2 . | . . . Level 3 . | . . . Level 4 . | . . . Level 5 . | . . . High Security . | . . . Max Security . | . . . Squads Dispatched 2 | . . 2 Investigation 1 | . . 1 Extermination . | . . . Reinforcement 1 | . . 1 Assault . | . . . Garrison . | . . . Intercept . | . . . Searches Triggered . | . . . Construction Impeded . | . . . Haulers Reinforced . | . . . Active Scanning Responses . | . . . Cargo Convoy Interrupts . | . . . Stealth | -11 -10 -9 --------- Run | Yrd Mat Mat Distress Signals 1 | . . 1 Communications Jammed . | . . . Distress Signals . | . . . Times Spotted 34 | . . 34 Peak Tracking Total 5 | . . 5 Tactical Retreats 6 | . . 6 Traps | -11 -10 -9 ------- Run | Yrd Mat Mat Traps Triggered 1 | . . 1 Indirectly . | . . . Trap Hack Attempts . | . . . Triggered . | . . . Disarmed . | . . . Reprogrammed . | . . . Reused . | . . . Traps Extracted . | . . . Installed . | . . . Triggered . | . . . Machines | -11 -10 -9 ---------- Run | Yrd Mat Mat Machines Disabled 1 | . . 1 Max in Single Turn 1 | . . 1 Machines Repaired . | . . . Machines Dismantled . | . . . Machines Sabotaged . | . . . Overloaded Fab Kills . | . . . Hacking | -11 -10 -9 --------- Run | Yrd Mat Mat Machines Accessed 2 | . . 2 Terminals 2 | . . 2 Fabricators . | . . . Repair Stations . | . . . Recycling Units . | . . . Scanalyzers . | . . . Garrison Access . | . . . Total Hacks 5 | . . 5 Successful . | . . . Failed 5 | . . 5 Catastrophic 2 | . . 2 Database Lockouts . | . . . Manual 2 | . . 2 Terminals 5 | . . 5 Fabricators . | . . . Repair Stations . | . . . Recycling Units . | . . . Scanalyzers . | . . . Garrison Access . | . . . Terminal Hacks . | . . . Fabricator Hacks . | . . . Repair Station Hacks . | . . . Recycling Unit Hacks . | . . . Scanalyzer . | . . . Garrison Access Hacks . | . . . Unauthorized Hacks . | . . . Terminals . | . . . Fabricators . | . . . Repair Stations . | . . . Recycling Units . | . . . Scanalyzers . | . . . Garrison Access . | . . . Data Cores Recovered . | . . . Used . | . . . Hacking Detections 2 | . . 2 Full Trace Events . | . . . Feedback Events . | . . . Feedback Blocked . | . . . Robot Schematics Acquired . | . . . Robots Built . | . . . Authchips . | . . . Time . | . . . Total Robot Build Rating . | . . . Part Schematics Acquired . | . . . Parts Built . | . . . Authchips . | . . . Time . | . . . Total Part Build Rating . | . . . Parts Repaired . | . . . Time . | . . . Parts Recycled . | . . . Recycled Matter . | . . . Retrieved Matter . | . . . Retrieved Components . | . . . Parts Scanalyzed . | . . . Part Schematics Acquired . | . . . Parts Damaged . | . . . Bothacking | -11 -10 -9 ------------ Run | Yrd Mat Mat Used RIF Installer . | . . . Robots Hacked . | . . . Non-combat . | . . . Combat . | . . . Robot Hacks Applied . | . . . Relay Couplers Released . | . . . Fabnet Peak Effective % . | . . . Robots Rewired . | . . . Allies Hacked . | . . . Hacks Repelled . | . . . Allies | -11 -10 -9 -------- Run | Yrd Mat Mat Total Allies . | . . . Largest Group . | . . . Highest-Rated Group . | . . . Highest-Rated Ally . | . . . Total Orders . | . . . Ally Attacks . | . . . Total Damage . | . . . Kills . | . . . Allies Corrupted . | . . . Allies Melted . | . . . Intel | -11 -10 -9 ------- Run | Yrd Mat Mat Robot Analysis Total . | . . . Derelict Logs Recovered . | . . . Drone Launches . | . . . Drone Recoveries . | . . . Exploration | -11 -10 -9 ------------- Run | Yrd Mat Mat Turns Passed 1222 | 70 115 1037 Spaces Moved 505 | 37 67 401 Core 16 | 13 1 2 Treads 433 | 24 66 343 Legs 56 | . . 56 Wheels . | . . . Hover . | . . . Flight . | . . . Fastest Speed 50 | 50 160 160 Average Speed 169 | 160 161 171 Slowest Speed 550 | 250 250 550 Overloaded Moves . | . . . Propulsion Burnouts . | . . . Robots Hopped . | . . . Cave-ins Triggered 1 | . . 1 Exploration Rate (%) 19 | 3 15 40 Regions Visited 2 Branch Regions . Pre-discovered Areas . | . . . Known Exits Taken . | . . . Unknown Exits Taken 2 | 1 1 . Scrap Searched . | . . . Spaces Dug . | . . . Terrain Destroyed 8 | . . 8 Melee . | . . . Projectile . | . . . AOE 8 | . . 8 Terrain Rammed . | . . . Walls Destroyed . | . . . Machines Disabled . | . . . Actions | -11 -10 -9 --------- Run | Yrd Mat Mat Total 756 | 45 74 637 Wait 129 | . . 129 Move 503 | 36 66 401 Hop . | . . . Pick Up 17 | 3 4 10 Fast Attach 17 | 6 2 9 Attach 7 | . . 7 Detach 1 | . . 1 Swap 2 | . . 2 Drop 10 | . 2 8 Fire 66 | . . 66 Melee 4 | . . 4 Ram . | . . . Kick . | . . . Crush . | . . . Escape Stasis . | . . . Rewire . | . . . Trap . | . . . Miscellaneous . | . . . Route ------- -11/Scrapyard -10/Materials -9/Materials History --------- Turn | Location | Event 38 | -11/Scrapyard | Discovered new exit (range 15) 71 | -11/Scrapyard | Entered Materials 176 | -10/Materials | Discovered new exit (range 5) 186 | -10/Materials | Entered another Materials area 186 | -9/Materials | Evolved 2 slots: Utility x2 302 | -9/Materials | Build established: Mutant 656 | -9/Materials | Crushed by falling debris 1045 | -9/Materials | Core integrity fell below 50% 1215 | -9/Materials | Core integrity fell below 20% 1223 | -9/Materials | Destroyed by Y-45 Defender with Heavy Assault Rifle Last Messages --------------- 01069_ Acquired 11 matter. 01070_ K-01 Serf collects debris. 01116_ R-06 Scavenger collects Ion Engine. 01124_ Acquired 3 matter. 01149_ R-06 Scavenger collects Lgt. Ion Engine. 01153_ R-06 Scavenger collects Flight Unit. 01158_ W-16 Scout sends out distress signal. 01182_ Acquired EM Shotgun. 01187_ Aluminum Leg destroyed. 01187_ Acquired EM Shotgun. 01190_ Dropped Aluminum Leg. 01191_ Acquired Aluminum Leg. 01196_ Critical hit (Burn: +37). 01197_ Acquired Aluminum Leg. 01204_ Acquired EM Shotgun. 01205_ Ion Engine destroyed. 01208_ System corrupted: Aluminum Leg rejected. 01208_ EM Shotgun destroyed. 01214_ Aluminum Leg destroyed. 01223_ Structural Scanner destroyed. Map ----- +----------------------------------------------------+ | ??????????? ????? ?#??????????????## | | ????????#? ??? ??????? ??? ?????#########"" | | ????#????? ?? ?? ??? ??????? ?????##### | | ????????#???#????#????#???#???##???#### """ | | ??????????????####??##???????#???#??### """ | | ?????????????????????????#?#????????### """ | | ?????#????#??????????????#?#?????##??## | | ???##?#######?????????#????#????####### | | ?????########??#???##???????????############ | | ?????? # ##################### ##### | | ? ???? # ##################### | | ?????? # | +== % %+ """ # | | ????"? # #%!###########!""" # | | ???""" #+#####!%##### #####!""" # ##### | | ???"? # *## ????##! == ## ###### | | ?????? / % ## """?? ##* ## # ## | | ?????? # ## """"? ##! % ## # ## | | ?????? ### ## """"" ######+### ## | | ?????? ### ## """"" ### # #### | | ????? ?### # """"" ### ####?? | | ????##?###+# # """"" ### ####?? | | # ?? + % + """"" ####+##########???? | | # ! # #Y # ######?? ? | | # # # Y # ???""??????????? | | ? ]!? # # # ???????????????? | | ?? ]?? # # @ [ # ?????????#??????? | | ?? ??? # # # ????????????????? | | ?????????? # # # ????????????????? | | ?????????? + # = # ???????????????? | | ???????? ? # # # ???????????????? | | ?????? ??? # # # ????????????????? | | ?????????? # ##########????#???????????? | | ?????????? # ## #????????????????? | | ?????????? # ????????????????????????? | | ?????????? # ???????????? ???????????? | | ?????????? # ??????? ?????????????????? | | ??????????## ???????????????????????? | | ?????????????? ???????? ?#???????????????? | | ???????????????????????? ??????????????????? | | ???????????????????????????????????????????? | | ???????????????????????????????????????????? | | ???????????????????????????????????????????? | | ???????????????????? ??????????????????????? | | ???????????????????????????????????????????? | | ???????????????????????????????????????????? | | ???????????????????????????????????????????? | | ???????????????????????????????????????????? | | ???????????????????????????????????????????? | | ???????????????????????????????????????????? | | ???????????????????????????????????????????? | +----------------------------------------------------+ Best States ------------- Heat Dissipation 28 Energy Generation 10 Energy Capacity 250 Matter Stores 300 Matter Capacity 300 Sight Range 16 Terrain Scan Range 14 Terrain Scan Density 10 Armor Coverage 150 Evasion (%) 40 Recoil Reduction 2 Item Schematics ----------------- None Robot Schematics ------------------ None Fabricated ------------ Nothing Alien Tech Used ----------------- None Achievements -------------- None Challenges ------------ None Game ------ Seed SingularityEncryptedSpoofer Manual? 0 Play Time 00:15:10 Cumulative 18.7 hours Start 2024.05.10 @ 18:28:56 End 2024.05.10 @ 18:41:08 Sessions 1 Manual Loads 0 Difficulty Rogue Special Mode None Game No. 36 Rogue 36 Adventurer 0 Explorer 0 Win Type - Total 0 Types 0/0/0/0/0/0/0/0/0 Lore% 18 Gallery% 19 Achievement% 18 Wizard Run 0 Options --------- Layout 1 ASCII 0 Keyboard 0 Movement Mouse Keybinds 0 Fullscreen 2 Font 24/Smallcaps Map View 50x35 Zoom Use 0% Tactical HUD 1 Map Filters NONE Filters NONE Steam 1 RUN: 48b9e3cd-dbd2-4fb8-9e29-6f39a8628d54